TOP OF THE 1ST |
Las Vegas Flamingos batting - Pitching for Athletic Club KC : RHP Billy Crawford
|
Pitching: RHP Billy Crawford
|
|
Batting: LHB Sinclair van Kooten
|
0-0: Ball 1-0: Ball 2-0: Ground out 3-1 (Groundball, 34)
|
Batting: RHB Aaron Harper
|
0-0: Ball 1-0: Called Strike 1-1: Fly out, F9 (Flyball, 89D)
|
Batting: RHB Travis Newsome
|
0-0: Called Strike 0-1: Foul Ball, location: 2F 0-2: Fly out, F6 (Popup, 78S)
|
Top of the 1st over - 0 run(s), 0 hit(s), 0 error(s), 0 left on base; Las Vegas 0 - Athletic Club KC 0 |
BOTTOM OF THE 1ST |
Athletic Club KC batting - Pitching for Las Vegas Flamingos : RHP Herman Barnes
|
Pitching: RHP Herman Barnes
|
|
Batting: RHB Jorge Trevino
|
0-0: Swinging Strike 0-1: Foul Ball, location: 2F 0-2: Ball 1-2: Ground out 5-3 (Groundball, 5S)
|
Batting: SHB David Henderson
|
0-0: Ball 1-0: Called Strike 1-1: Foul Ball, location: 2F 1-2: Ball 2-2: Fly out, F5 (Popup, 5F)
|
Batting: LHB Emílio Sáenz
|
0-0: Called Strike 0-1: Ball 1-1: Foul Ball, location: 2F 1-2: Ball 2-2: Foul Ball, location: 2F 2-2: Foul Ball, location: 2F 2-2: Strikes out swinging
|
Bottom of the 1st over - 0 run(s), 0 hit(s), 0 error(s), 0 left on base; Las Vegas 0 - Athletic Club KC 0 |
TOP OF THE 2ND |
Las Vegas Flamingos batting - Pitching for Athletic Club KC : RHP Billy Crawford
|
Batting: LHB José Meléndez
|
0-0: Foul Ball, location: 2F 0-1: Ground out 6-3 (Groundball, 6M)
|
Batting: RHB Matt Sheppard
|
0-0: Called Strike 0-1: Called Strike 0-2: Ground out 5-3 (Groundball, 5S)
|
Batting: LHB Takahiro Harada
|
0-0: Ball 1-0: Ball 2-0: Ball 3-0: Called Strike 3-1: Base on Balls
|
Batting: RHB San-gui Liang
|
0-0: Called Strike 0-1: Ball 1-1: Ball 2-1: DOUBLE (Flyball, 9LD) Takahiro Harada to third
|
Batting: LHB Kenneth Chapman
|
0-0: Ball 1-0: Ground out 4-3 (Groundball, 34)
|
Top of the 2nd over - 0 run(s), 1 hit(s), 0 error(s), 2 left on base; Las Vegas 0 - Athletic Club KC 0 |
BOTTOM OF THE 2ND |
Athletic Club KC batting - Pitching for Las Vegas Flamingos : RHP Herman Barnes
|
Batting: RHB Ed Hopkins
|
0-0: Swinging Strike 0-1: Ball 1-1: Ground out 4-3 (Groundball, 4)
|
Batting: RHB Ramón Souza
|
0-0: Called Strike 0-1: Foul Ball, location: 2F 0-2: Ball 1-2: Ball 2-2: Fly out, F3 (Popup, 3F)
|
Batting: RHB Todd Blake
|
0-0: SINGLE (Groundball, 56)
|
Batting: LHB Bob Davis
|
0-0: Ball 1-0: Ball 2-0: Ball 3-0: Base on Balls Todd Blake to second
|
Batting: RHB Rick Atkinson
|
0-0: Ball 1-0: Called Strike 1-1: Foul Ball, location: 2F 1-2: Ground out 6-3 (Groundball, 56)
|
Bottom of the 2nd over - 0 run(s), 1 hit(s), 0 error(s), 2 left on base; Las Vegas 0 - Athletic Club KC 0 |
TOP OF THE 3RD |
Las Vegas Flamingos batting - Pitching for Athletic Club KC : RHP Billy Crawford
|
Batting: RHB Manny Freitas
|
0-0: Ball 1-0: Ground out 5-3 (Groundball, 5L)
|
Batting: LHB Sinclair van Kooten
|
0-0: Called Strike 0-1: Ball 1-1: Ground out 4-3 (Groundball, 4M)
|
Batting: RHB Aaron Harper
|
0-0: Foul Ball, location: 2F 0-1: Ball 1-1: Ball 2-1: Ground out 4-3 (Groundball, 4)
|
Top of the 3rd over - 0 run(s), 0 hit(s), 0 error(s), 0 left on base; Las Vegas 0 - Athletic Club KC 0 |
BOTTOM OF THE 3RD |
Athletic Club KC batting - Pitching for Las Vegas Flamingos : RHP Herman Barnes
|
Batting: LHB Lawrence Washington
|
0-0: Reached on error, E4 (Groundball, 34)
|
Batting: RHB Jorge Trevino
|
0-0: Foul Ball, location: 2F 0-1: Ball 1-1: Ball 2-1: Ground out 5-3 (Groundball, 56)
|
Batting: SHB David Henderson
|
0-0: Ball 1-0: Foul Ball, location: 2F 1-1: Swinging Strike 1-2: Foul Ball, location: 2F 1-2: DOUBLE (Groundball, 3L) Lawrence Washington scores
|
Batting: LHB Emílio Sáenz
|
0-0: Ball 1-0: Ball 2-0: Ball 3-0: Called Strike 3-1: Fly out, F9 (Flyball, 9M)
|
Batting: RHB Ed Hopkins
|
0-0: Ball 1-0: Ball 2-0: Called Strike 2-1: Foul Ball, location: 2F 2-2: Ball 3-2: Base on Balls
|
Batting: RHB Ramón Souza
|
0-0: Called Strike 0-1: Ball 1-1: Foul Ball, location: 2F 1-2: Ball 2-2: Fly out, F9 (Flyball, 9M)
|
Bottom of the 3rd over - 1 run(s), 1 hit(s), 1 error(s), 2 left on base; Las Vegas 0 - Athletic Club KC 1 |
TOP OF THE 4TH |
Las Vegas Flamingos batting - Pitching for Athletic Club KC : RHP Billy Crawford
|
Batting: RHB Travis Newsome
|
0-0: Ground out 6-3 (Groundball, 6)
|
Batting: LHB José Meléndez
|
0-0: Ball 1-0: Fly out, F8 (Flyball, 8RM)
|
Batting: RHB Matt Sheppard
|
0-0: Ball 1-0: Ball 2-0: Ball 3-0: Base on Balls
|
Batting: LHB Takahiro Harada
|
0-0: Swinging Strike 0-1: Ball Matt Sheppard steals 2nd base 1-1: Foul Ball, location: 2F 1-2: Fly out, F8 (Flyball, 8LM)
|
Top of the 4th over - 0 run(s), 0 hit(s), 0 error(s), 1 left on base; Las Vegas 0 - Athletic Club KC 1 |
BOTTOM OF THE 4TH |
Athletic Club KC batting - Pitching for Las Vegas Flamingos : RHP Herman Barnes
|
Batting: RHB Todd Blake
|
0-0: Called Strike 0-1: Ball 1-1: Swinging Strike 1-2: Strikes out looking
|
Batting: LHB Bob Davis
|
0-0: Fly out, F9 (Flyball, 9M)
|
Batting: RHB Rick Atkinson
|
0-0: Ball 1-0: DOUBLE (Flyball, 8RXD)
|
Batting: LHB Lawrence Washington
|
0-0: Ball 1-0: Ball 2-0: Ball 3-0: Base on Balls
|
Batting: RHB Jorge Trevino
|
0-0: Ball 1-0: Called Strike 1-1: Ball 2-1: Foul Ball, location: 2F 2-2: Strikes out swinging
|
Bottom of the 4th over - 0 run(s), 1 hit(s), 0 error(s), 2 left on base; Las Vegas 0 - Athletic Club KC 1 |
TOP OF THE 5TH |
Las Vegas Flamingos batting - Pitching for Athletic Club KC : RHP Billy Crawford
|
Batting: RHB San-gui Liang
|
0-0: Ball 1-0: Foul Ball, location: 2F 1-1: Foul Ball, location: 2F 1-2: Ball 2-2: Foul Ball, location: 2F 2-2: Ground out 5-3 (Groundball, 5)
|
Batting: LHB Kenneth Chapman
|
0-0: Fly out, F5 (Popup, 5SF)
|
Batting: RHB Manny Freitas
|
0-0: Swinging Strike 0-1: Foul Ball, location: 2F 0-2: Strikes out swinging
|
Top of the 5th over - 0 run(s), 0 hit(s), 0 error(s), 0 left on base; Las Vegas 0 - Athletic Club KC 1 |
BOTTOM OF THE 5TH |
Athletic Club KC batting - Pitching for Las Vegas Flamingos : RHP Herman Barnes
|
Batting: SHB David Henderson
|
0-0: Called Strike 0-1: SINGLE (Line Drive, 4M)
|
Batting: LHB Emílio Sáenz
|
0-0: Foul Ball, location: 2F 0-1: Fly out, F7 (Flyball, 7LM)
|
Batting: RHB Ed Hopkins
|
0-0: Swinging Strike 0-1: SINGLE (Groundball, 56D) David Henderson to second
|
Batting: RHB Ramón Souza
|
0-0: Ball 1-0: Called Strike 1-1: Swinging Strike 1-2: Foul Ball, location: 2F 1-2: Ball 2-2: Ball 3-2: Fly out, F3 (Popup, 13)
|
Batting: RHB Todd Blake
|
0-0: Called Strike 0-1: Ball 1-1: Ball 2-1: Called Strike 2-2: Strikes out swinging
|
Bottom of the 5th over - 0 run(s), 2 hit(s), 0 error(s), 2 left on base; Las Vegas 0 - Athletic Club KC 1 |
TOP OF THE 6TH |
Las Vegas Flamingos batting - Pitching for Athletic Club KC : RHP Billy Crawford
|
Batting: LHB Sinclair van Kooten
|
0-0: Ball 1-0: Called Strike 1-1: Foul Ball, location: 2F 1-2: DOUBLE (Line Drive, 78M)
|
Batting: RHB Aaron Harper
|
0-0: Called Strike 0-1: Ground out 6-3 (Groundball, 6)
|
Batting: RHB Travis Newsome
|
0-0: Ground out 5-3 (Groundball, 5)
|
Batting: LHB José Meléndez
|
0-0: Ground out U3 (Groundball, 3L)
|
Top of the 6th over - 0 run(s), 1 hit(s), 0 error(s), 1 left on base; Las Vegas 0 - Athletic Club KC 1 |
BOTTOM OF THE 6TH |
Athletic Club KC batting - Pitching for Las Vegas Flamingos : RHP Herman Barnes
|
Batting: LHB Bob Davis
|
0-0: Foul Ball, location: 2F 0-1: Ball 1-1: Foul Ball, location: 2F 1-2: Foul Ball, location: 2F 1-2: Fly out, F8 (Flyball, 8RD)
|
Batting: RHB Rick Atkinson
|
0-0: Foul Ball, location: 2F 0-1: Ground out 5-3 (Groundball, 56S)
|
Batting: LHB Lawrence Washington
|
0-0: Foul Ball, location: 2F 0-1: Ball 1-1: Ball 2-1: Called Strike 2-2: Foul Ball, location: 2F 2-2: Foul Ball, location: 2F 2-2: Ball 3-2: Base on Balls
|
Pitching: RHP Tony Hernández
|
|
Batting: RHB Jorge Trevino
|
0-0: Called Strike 0-1: Ground out 6-3 (Groundball, 56)
|
Bottom of the 6th over - 0 run(s), 0 hit(s), 0 error(s), 1 left on base; Las Vegas 0 - Athletic Club KC 1 |
TOP OF THE 7TH |
Las Vegas Flamingos batting - Pitching for Athletic Club KC : RHP Billy Crawford
|
Batting: RHB Matt Sheppard
|
0-0: Called Strike 0-1: Swinging Strike 0-2: Foul Ball, location: 2F 0-2: Ball 1-2: Strikes out looking
|
Batting: LHB Takahiro Harada
|
0-0: Called Strike 0-1: Fly out, F7 (Line Drive, 78M)
|
Batting: RHB San-gui Liang
|
0-0: Called Strike 0-1: Reached on Error, E7 (Flyball, 7M)
|
Batting: LHB Kenneth Chapman
|
0-0: Ball 1-0: Ball 2-0: Ball 3-0: Called Strike 3-1: SINGLE (Line Drive, 4MD) San-gui Liang to third Runner from 3rd tries for Home, SAFE, no throw or cutoff
|
Batting: RHB Manny Freitas
|
0-0: Ball 1-0: Ball 2-0: Ball 3-0: Base on Balls Kenneth Chapman to second
|
Batting: LHB Sinclair van Kooten
|
0-0: Called Strike 0-1: Foul Ball, location: 2F 0-2: Ball 1-2: Foul Ball, location: 2F 1-2: Ball 2-2: Ball 3-2: Strikes out swinging
|
Top of the 7th over - 1 run(s), 1 hit(s), 1 error(s), 2 left on base; Las Vegas 1 - Athletic Club KC 1 |
BOTTOM OF THE 7TH |
Athletic Club KC batting - Pitching for Las Vegas Flamingos : RHP Tony Hernández
|
Batting: SHB David Henderson
|
0-0: Ball 1-0: Ball 2-0: SINGLE (Line Drive, 9LS)
|
Batting: LHB Emílio Sáenz
|
0-0: Ball David Henderson steals 2nd base 1-0: Ground out 4-3 (Groundball, 4) David Henderson to third
|
Batting: RHB Ed Hopkins
|
0-0: Ball 1-0: Foul Ball, location: 2F 1-1: Foul Ball, location: 2F 1-2: 2-RUN HOME RUN (Line Drive, 7D), Distance : 387 ft
|
Batting: RHB Ramón Souza
|
0-0: Swinging Strike 0-1: Ball 1-1: Swinging Strike 1-2: Ball 2-2: Ball 3-2: Strikes out swinging, 2-3 out at first.
|
Batting: RHB Todd Blake
|
0-0: Called Strike 0-1: Swinging Strike 0-2: Strikes out swinging
|
Bottom of the 7th over - 2 run(s), 2 hit(s), 0 error(s), 0 left on base; Las Vegas 1 - Athletic Club KC 3 |
TOP OF THE 8TH |
Las Vegas Flamingos batting - Pitching for Athletic Club KC : RHP Billy Crawford
|
Batting: RHB Aaron Harper
|
0-0: Ball 1-0: Ball 2-0: Foul Ball, location: 2F 2-1: Called Strike 2-2: SINGLE (Groundball, 23) (infield hit)
|
Batting: RHB Travis Newsome
|
0-0: Ball 1-0: Ball 2-0: Fielders Choice at 2nd, 5-4 (Groundball, 56)
|
Pitching: RHP Joong-geun Kim
|
|
Batting: LHB José Meléndez
|
0-0: Swinging Strike 0-1: Ball 1-1: Ball 2-1: Fly out, F6 (Line Drive, 6)
|
Batting: RHB Matt Sheppard
|
0-0: Ball 1-0: Called Strike 1-1: Ball 2-1: Ball 3-1: Fly out, F9 (Flyball, 9M)
|
Top of the 8th over - 0 run(s), 1 hit(s), 0 error(s), 1 left on base; Las Vegas 1 - Athletic Club KC 3 |
BOTTOM OF THE 8TH |
Athletic Club KC batting - Pitching for Las Vegas Flamingos : RHP Tony Hernández
|
Batting: LHB Bob Davis
|
0-0: Called Strike 0-1: Ball 1-1: Ground out U3 (Groundball, 3)
|
Batting: RHB Rick Atkinson
|
0-0: Ball 1-0: Ball 2-0: Called Strike 2-1: SINGLE (Line Drive, 8RS)
|
Batting: LHB Lawrence Washington
|
0-0: Ground out 6-3 (Groundball, 6) Rick Atkinson to second
|
Batting: RHB Jorge Trevino
|
0-0: Ball 1-0: Called Strike 1-1: Called Strike 1-2: Foul Ball, location: 2F 1-2: Foul Ball, location: 2F 1-2: Strikes out swinging
|
Bottom of the 8th over - 0 run(s), 1 hit(s), 0 error(s), 1 left on base; Las Vegas 1 - Athletic Club KC 3 |
TOP OF THE 9TH |
Las Vegas Flamingos batting - Pitching for Athletic Club KC : RHP Joong-geun Kim
|
Pitching: RHP Manuel Hernández
|
|
Batting: LHB Takahiro Harada
|
0-0: Ball 1-0: Fly out, F8 (Flyball, 78M)
|
Batting: RHB San-gui Liang
|
0-0: Ball 1-0: Ground out 3-1 (Groundball, 34)
|
Batting: LHB Kenneth Chapman
|
0-0: Ball 1-0: Called Strike 1-1: Foul Ball, location: 2F 1-2: Ball 2-2: Strikes out looking
|
Top of the 9th over - 0 run(s), 0 hit(s), 0 error(s), 0 left on base; Las Vegas 1 - Athletic Club KC 3 |
|